MWL (24 & UNDER)
BARRY'S BAY ORIOLES @ WISCONSIN RAPIDS RANGERS
06/13/2023
 
TOP OF THE 1ST
Barry's Bay Orioles batting - Pitching for Wisconsin Rapids Rangers : RHP Jaime Martínez
Pitching: RHP Jaime Martínez
Batting: RHB Thomas Christopher 0-0: Swinging Strike
0-1: Ball
1-1: Ball
2-1: SINGLE (Groundball, 56D)
Batting: RHB Pedro Molina 0-0: Ball
1-0: Fly out, F8 (Flyball, 8LM)
Batting: LHB Joaquín González 0-0: Ball
1-0: Ball
2-0: Foul Ball, location: 2F
2-1: Ball
3-1: Foul Ball, location: 2F
3-2: Foul Ball, location: 2F
3-2: Foul Ball, location: 2F
3-2: Fly out, F7 (Flyball, 7M)
3-2: Fly out, F7 (Flyball, 7M)
Batting: RHB Paul Spencer 0-0: Foul Ball, location: 2F
0-1: Ball
Thomas Christopher is caught stealing 2nd base
Top of the 1st over - 0 run(s), 1 hit(s), 0 error(s), 0 left on base; Barry's Bay 0 - Wisconsin Rapids 0
BOTTOM OF THE 1ST
Wisconsin Rapids Rangers batting - Pitching for Barry's Bay Orioles : RHP Juan Gutiérrez
Pitching: RHP Juan Gutiérrez
Batting: LHB Ramón Córdova 0-0: Ball
1-0: Called Strike
1-1: Called Strike
1-2: Ball
2-2: Foul Ball, location: 2F
2-2: Foul Ball, location: 2F
2-2: Strikes out swinging
Batting: RHB John Hursted 0-0: Swinging Strike
0-1: Ball
1-1: SINGLE (Line Drive, 34)
Batting: RHB Tom Thompson 0-0: Ball
1-0: Foul Ball, location: 2F
1-1: Swinging Strike
1-2: Ball
2-2: Strikes out looking
Batting: RHB Kirk Powell 0-0: Ground out 6-3 (Groundball, 6)
Bottom of the 1st over - 0 run(s), 1 hit(s), 0 error(s), 1 left on base; Barry's Bay 0 - Wisconsin Rapids 0
TOP OF THE 2ND
Barry's Bay Orioles batting - Pitching for Wisconsin Rapids Rangers : RHP Jaime Martínez
Batting: RHB Paul Spencer 0-0: Foul Ball, location: 2F
0-1: Ball
1-1: SINGLE (Line Drive, 6M)
Batting: RHB Enrico Ramos 0-0: Ball
1-0: Ball
2-0: Swinging Strike
2-1: Ball
3-1: Foul Ball, location: 2F
3-2: Foul Ball, location: 2F
3-2: Fly out, F3 (Popup, 3F)
Batting: LHB Javier Orozco 0-0: Ball
1-0: Ball
2-0: Ball
3-0: Base on Balls
Paul Spencer to second
Batting: RHB Curt Wagner 0-0: Ball
1-0: Swinging Strike
1-1: Ball
2-1: Foul Ball, location: 2F
2-2: Foul Ball, location: 2F
2-2: Strikes out looking
Batting: RHB Jeff Stevenson 0-0: Ball
1-0: Ball
2-0: Ball
3-0: Called Strike
3-1: Fielders Choice at 2nd, 6-4 (Groundball, 6)
Top of the 2nd over - 0 run(s), 1 hit(s), 0 error(s), 1 left on base; Barry's Bay 0 - Wisconsin Rapids 0
BOTTOM OF THE 2ND
Wisconsin Rapids Rangers batting - Pitching for Barry's Bay Orioles : RHP Juan Gutiérrez
Batting: RHB Arturo Rodríguez 0-0: Ball
1-0: Foul Ball, location: 2F
1-1: Foul Ball, location: 2F
1-2: Foul Ball, location: 2F
1-2: Strikes out swinging
Batting: RHB Danny Campbell 0-0: Ball
1-0: Ball
2-0: Foul Ball, location: 2F
2-1: Foul Ball, location: 2F
2-2: Strikes out looking
Batting: RHB James Green 0-0: Ball
1-0: Foul Ball, location: 2F
1-1: Swinging Strike
1-2: Ball
2-2: Strikes out swinging
Bottom of the 2nd over - 0 run(s), 0 hit(s), 0 error(s), 0 left on base; Barry's Bay 0 - Wisconsin Rapids 0
TOP OF THE 3RD
Barry's Bay Orioles batting - Pitching for Wisconsin Rapids Rangers : RHP Jaime Martínez
Batting: RHB Juan Velásquez 0-0: Called Strike
0-1: Foul Ball, location: 2F
0-2: Foul Ball, location: 2F
0-2: Ball
1-2: DOUBLE (Line Drive, 7LS)
Batting: RHB Thomas Christopher 0-0: Ball
1-0: Ball
2-0: Ball
3-0: Base on Balls
Batting: RHB Pedro Molina 0-0: Called Strike
0-1: Swinging Strike
0-2: Ball
1-2: Strikes out swinging
Batting: LHB Joaquín González 0-0: Ball
1-0: Ball
2-0: Ball
3-0: Base on Balls
Juan Velásquez to third
Thomas Christopher to second
Batting: RHB Paul Spencer 0-0: Swinging Strike
0-1: Swinging Strike
0-2: Strikes out swinging
Batting: RHB Enrico Ramos 0-0: Foul Ball, location: 2F
0-1: Called Strike
0-2: Strikes out swinging
Top of the 3rd over - 0 run(s), 1 hit(s), 0 error(s), 3 left on base; Barry's Bay 0 - Wisconsin Rapids 0
BOTTOM OF THE 3RD
Wisconsin Rapids Rangers batting - Pitching for Barry's Bay Orioles : RHP Juan Gutiérrez
Batting: RHB Ray Little 0-0: Called Strike
0-1: Swinging Strike
0-2: Ball
1-2: Ball
2-2: Foul Ball, location: 2F
2-2: Foul Ball, location: 2F
2-2: Strikes out swinging
Batting: LHB Ron Robinson 0-0: Called Strike
0-1: Foul Ball, location: 2F
0-2: Ball
1-2: Ball
2-2: Strikes out looking
Batting: LHB Ramón Córdova 0-0: Ball
1-0: Foul Ball, location: 2F
1-1: Swinging Strike
1-2: Ball
2-2: Ball
3-2: Fly out, F7 (Flyball, 78S)
Bottom of the 3rd over - 0 run(s), 0 hit(s), 0 error(s), 0 left on base; Barry's Bay 0 - Wisconsin Rapids 0
TOP OF THE 4TH
Barry's Bay Orioles batting - Pitching for Wisconsin Rapids Rangers : RHP Jaime Martínez
Batting: LHB Javier Orozco 0-0: Ball
1-0: Swinging Strike
1-1: Ball
2-1: SINGLE (Flyball, 8LM)
Batting: RHB Curt Wagner 0-0: Ball
1-0: Foul Ball, location: 2F
1-1: Fly out, F7 (Flyball, 7LS)
Batting: RHB Jeff Stevenson 0-0: Ball
1-0: Called Strike
1-1: Foul Ball, location: 2F
1-2: Ball
2-2: Ball
3-2: Foul Ball, location: 2F
3-2: Fly out, F2 (Popup, 2RF)
Batting: RHB Juan Velásquez 0-0: Called Strike
0-1: Ball
1-1: Ball
2-1: Foul Ball, location: 2F
2-2: Foul Ball, location: 2F
2-2: Ball
3-2: Strikes out looking
Top of the 4th over - 0 run(s), 1 hit(s), 0 error(s), 1 left on base; Barry's Bay 0 - Wisconsin Rapids 0
BOTTOM OF THE 4TH
Wisconsin Rapids Rangers batting - Pitching for Barry's Bay Orioles : RHP Juan Gutiérrez
Batting: RHB John Hursted 0-0: Ground out 5-3 (Groundball, 5)
Batting: RHB Tom Thompson 0-0: Foul Ball, location: 2F
0-1: Swinging Strike
0-2: Strikes out swinging
Batting: RHB Kirk Powell 0-0: Foul Ball, location: 2F
0-1: SOLO HOME RUN (Flyball, 7D), Distance : 348 ft
Batting: RHB Arturo Rodríguez 0-0: Called Strike
0-1: Swinging Strike
0-2: Strikes out swinging
Bottom of the 4th over - 1 run(s), 1 hit(s), 0 error(s), 0 left on base; Barry's Bay 0 - Wisconsin Rapids 1
TOP OF THE 5TH
Barry's Bay Orioles batting - Pitching for Wisconsin Rapids Rangers : RHP Jaime Martínez
Pitching: RHP Christian Adkins
Batting: RHB Thomas Christopher 0-0: Called Strike
0-1: Foul Ball, location: 2F
0-2: Ball
1-2: Strikes out swinging
Batting: RHB Pedro Molina 0-0: Ball
1-0: SOLO HOME RUN (Flyball, 78XD), Distance : 382 ft
Batting: LHB Joaquín González 0-0: Called Strike
0-1: Ground out 5-3 (Groundball, 6S)
Batting: RHB Paul Spencer 0-0: Called Strike
0-1: Ground out 6-3 (Groundball, 6M)
Top of the 5th over - 1 run(s), 1 hit(s), 0 error(s), 0 left on base; Barry's Bay 1 - Wisconsin Rapids 1
BOTTOM OF THE 5TH
Wisconsin Rapids Rangers batting - Pitching for Barry's Bay Orioles : RHP Juan Gutiérrez
Batting: RHB Danny Campbell 0-0: Called Strike
0-1: Called Strike
0-2: Ball
1-2: Strikes out swinging
Batting: RHB James Green 0-0: Ball
1-0: Called Strike
1-1: Ball
2-1: Ball
3-1: Base on Balls
Batting: RHB Ray Little 0-0: Ball
James Green steals 2nd base
1-0: Foul Ball, location: 2F
1-1: Foul Ball, location: 2F
1-2: Strikes out looking
Batting: LHB Ron Robinson 0-0: Called Strike
0-1: Fly out, F8 (Flyball, 8LM)
Bottom of the 5th over - 0 run(s), 0 hit(s), 0 error(s), 1 left on base; Barry's Bay 1 - Wisconsin Rapids 1
TOP OF THE 6TH
Barry's Bay Orioles batting - Pitching for Wisconsin Rapids Rangers : RHP Christian Adkins
Batting: RHB Enrico Ramos 0-0: Swinging Strike
0-1: Foul Ball, location: 2F
0-2: Ball
1-2: Strikes out swinging
Batting: LHB Javier Orozco 0-0: Called Strike
0-1: Called Strike
0-2: Fly out, F9 (Flyball, 9LD)
Batting: RHB Curt Wagner 0-0: Called Strike
0-1: Called Strike
0-2: Strikes out swinging
Top of the 6th over - 0 run(s), 0 hit(s), 0 error(s), 0 left on base; Barry's Bay 1 - Wisconsin Rapids 1
BOTTOM OF THE 6TH
Wisconsin Rapids Rangers batting - Pitching for Barry's Bay Orioles : RHP Juan Gutiérrez
Batting: LHB Ramón Córdova 0-0: Ball
1-0: SINGLE (Line Drive, 6D)
Batting: RHB John Hursted 0-0: Ball
1-0: Ball
2-0: Foul Ball, location: 2F
2-1: Foul Ball, location: 2F
2-2: Strikes out swinging
Batting: RHB Tom Thompson 0-0: Called Strike
0-1: Ball
1-1: Foul Ball, location: 2F
1-2: Foul Ball, location: 2F
1-2: Hit by Pitch
Ramón Córdova to second
Pitching: RHP Manny Silva
Batting: RHB Kirk Powell 0-0: Ball
1-0: Called Strike
1-1: Swinging Strike
1-2: Strikes out looking
Batting: RHB Arturo Rodríguez 0-0: Fielders Choice at 2nd, U6 (Groundball, 6M)
Bottom of the 6th over - 0 run(s), 1 hit(s), 0 error(s), 2 left on base; Barry's Bay 1 - Wisconsin Rapids 1
TOP OF THE 7TH
Barry's Bay Orioles batting - Pitching for Wisconsin Rapids Rangers : RHP Christian Adkins
Pitching: LHP Russell Neal
Batting: RHB Jeff Stevenson 0-0: Called Strike
0-1: Swinging Strike
0-2: Foul Ball, location: 2F
0-2: Ball
1-2: Strikes out swinging
Pinch Hitting: RHB Manuel Pérez 0-0: Ball
1-0: Ball
2-0: Swinging Strike
2-1: Fly out, F6 (Popup, 4M)
Batting: RHB Thomas Christopher 0-0: Ball
1-0: Foul Ball, location: 2F
1-1: SINGLE (Line Drive, 4MD)
Batting: RHB Pedro Molina 0-0: Ball
1-0: Ball
2-0: Swinging Strike
2-1: Called Strike
2-2: Ball
3-2: Fly out, F6 (Line Drive, 6)
Top of the 7th over - 0 run(s), 1 hit(s), 0 error(s), 1 left on base; Barry's Bay 1 - Wisconsin Rapids 1
BOTTOM OF THE 7TH
Wisconsin Rapids Rangers batting - Pitching for Barry's Bay Orioles : RHP Manny Silva
Now at 3B: Manuel Pérez
Pinch Hitting: RHB Jeffrey Lee 0-0: Ground out 5-3 (Groundball, 56S)
Pinch Hitting: RHB Harry Miller 0-0: Ball
1-0: Called Strike
1-1: Swinging Strike
1-2: Ball
2-2: Strikes out swinging
Batting: RHB Ray Little 0-0: Ball
1-0: Ball
2-0: Foul Ball, location: 2F
2-1: Foul Ball, location: 2F
2-2: Foul Ball, location: 2F
2-2: Ball
3-2: Foul Ball, location: 2F
3-2: Base on Balls
Batting: LHB Ron Robinson 0-0: Called Strike
0-1: Ball
1-1: Foul Ball, location: 2F
1-2: Strikes out swinging
Bottom of the 7th over - 0 run(s), 0 hit(s), 0 error(s), 1 left on base; Barry's Bay 1 - Wisconsin Rapids 1
TOP OF THE 8TH
Barry's Bay Orioles batting - Pitching for Wisconsin Rapids Rangers : LHP Russell Neal
Now at SS: Jeffrey Lee
Now in CF: Harry Miller
Batting: LHB Joaquín González 0-0: Ball
1-0: Hit by Pitch
Batting: RHB Paul Spencer 0-0: Ball
1-0: Ball
2-0: Swinging Strike
2-1: Ball
3-1: Base on Balls
Joaquín González to second
Batting: RHB Enrico Ramos 0-0: Ball
1-0: Ball
2-0: Foul Ball, location: 2F
2-1: Ball
3-1: Foul Ball, location: 2F
3-2: Base on Balls
Joaquín González to third
Paul Spencer to second
Batting: LHB Javier Orozco 0-0: Fly out, F8 (Flyball, 8LD)
Runner from 3rd tags up, SCORES, no throw
Batting: RHB Curt Wagner 0-0: Hit by Pitch
Paul Spencer to third
Enrico Ramos to second
Batting: RHB Jeff Stevenson 0-0: Swinging Strike
0-1: Fly out, F9 (Popup, 4D)
Batting: RHB Manuel Pérez 0-0: Ball
1-0: Ball
Wild Pitch!
Paul Spencer scores
Enrico Ramos to third
Curt Wagner to second
2-0: Ball
3-0: Base on Balls
Pitching: RHP Dallas Albert
Batting: RHB Thomas Christopher 0-0: Ball
1-0: Foul Ball, location: 2F
1-1: Ball
2-1: Ball
3-1: Called Strike
3-2: Base on Balls
Enrico Ramos scores
Curt Wagner to third
Manuel Pérez to second
Batting: RHB Pedro Molina 0-0: Ball
1-0: Ball
Wild Pitch!
Curt Wagner scores
Manuel Pérez to third
Thomas Christopher to second
2-0: Ball
3-0: Called Strike
3-1: Called Strike
3-2: SINGLE (Groundball, 6MD)
Manuel Pérez scores
Thomas Christopher to third
Thomas Christopher scores
Batting: LHB Joaquín González 0-0: Foul Ball, location: 2F
0-1: Ball
1-1: Ball
2-1: Fly out, F7 (Flyball, 78M)
Top of the 8th over - 6 run(s), 1 hit(s), 0 error(s), 1 left on base; Barry's Bay 7 - Wisconsin Rapids 1
BOTTOM OF THE 8TH
Wisconsin Rapids Rangers batting - Pitching for Barry's Bay Orioles : RHP Manny Silva
Now at C: John Horton
Batting: LHB Ramón Córdova 0-0: Called Strike
0-1: Ball
1-1: Foul Ball, location: 2F
1-2: Ball
2-2: Strikes out swinging
Pitching: RHP Luis Pérez
Batting: RHB John Hursted 0-0: Ball
1-0: Ball
2-0: Foul Ball, location: 2F
2-1: Ball
3-1: Base on Balls
Batting: RHB Tom Thompson 0-0: SINGLE (Line Drive, 34D)
John Hursted to second
Batting: RHB Kirk Powell 0-0: Called Strike
0-1: Ball
1-1: Ball
2-1: Called Strike
2-2: Strikes out swinging
Batting: RHB Arturo Rodríguez 0-0: Foul Ball, location: 2F
0-1: Foul Ball, location: 2F
0-2: Ball
1-2: Strikes out swinging
Bottom of the 8th over - 0 run(s), 1 hit(s), 0 error(s), 2 left on base; Barry's Bay 7 - Wisconsin Rapids 1
TOP OF THE 9TH
Barry's Bay Orioles batting - Pitching for Wisconsin Rapids Rangers : RHP Dallas Albert
Batting: RHB Paul Spencer 0-0: Ball
1-0: Fly out, F7 (Line Drive, 7LS)
Batting: RHB Enrico Ramos 0-0: Fly out, F8 (Flyball, 8LM)
Batting: LHB Javier Orozco 0-0: Called Strike
0-1: Ball
1-1: Swinging Strike
1-2: Strikes out swinging
Top of the 9th over - 0 run(s), 0 hit(s), 0 error(s), 0 left on base; Barry's Bay 7 - Wisconsin Rapids 1
BOTTOM OF THE 9TH
Wisconsin Rapids Rangers batting - Pitching for Barry's Bay Orioles : RHP Luis Pérez
Now at 1B: Carlos Barrios
Batting: RHB Jeffrey Lee 0-0: SINGLE (Flyball, 7S)
Batting: RHB Harry Miller 0-0: Ball
1-0: Ball
2-0: Fly out, F6 (Line Drive, 6M)
Batting: RHB Ray Little 0-0: SINGLE (Flyball, 9LS)
Jeffrey Lee to second
Runner from 2nd tries for 3rd, SAFE, throw made to third
Ray Little to second
Batting: LHB Ron Robinson 0-0: Fly out, F9 (Flyball, 89M)
Runner from 3rd tags up, SCORES, throw made
Batting: LHB Ramón Córdova 0-0: Ball
1-0: Ball
2-0: Ball
3-0: Called Strike
3-1: Base on Balls
Batting: RHB John Hursted 0-0: Fly out, F9 (Line Drive, 89S)
Bottom of the 9th over - 1 run(s), 2 hit(s), 0 error(s), 2 left on base; Barry's Bay 7 - Wisconsin Rapids 2
This league is powered by Out of the Park Baseball, the baseball management simulation game for PC, Mac and Linux
Wednesday, December 2nd, 2015 - OOTP Baseball 16.8 Build 38